AA
WICHITA AEROS @ OKLAHOMA CITY 89ERS
07/27/1982
 
TOP OF THE 1ST
Wichita Aeros batting - Pitching for Oklahoma City 89ers : RHP Kennedy Corzel
Pitching: RHP Kennedy Corzel
Batting: LHB Omar Guerrero 0-0: Ball
1-0: Called Strike
1-1: Ball
2-1: Foul Ball, location: 2F
2-2: SINGLE (Line Drive, 7LS, EV 99.4 MPH)
Batting: RHB Greg Cypret 0-0: Ball
1-0: Ball
Omar Guerrero steals 2nd base (no throw)
2-0: Foul Ball, location: 2F
2-1: Ball
3-1: Base on Balls
Batting: LHB Glenn Gulliver 0-0: Swinging Strike
0-1: Foul Ball, location: 2F
0-2: Grounds into double play, 5-4-3 (Groundball, 56, EV 100.6 MPH)
Omar Guerrero to third
Batting: RHB Bill Schroeder 0-0: Called Strike
0-1: Ball
1-1: Called Strike
1-2: Ball
2-2: Ball
3-2: Foul Ball, location: 2F
3-2: Foul Ball, location: 2F
3-2: Fly out, F9 (Line Drive, 9, EV 96.9 MPH)
Top of the 1st over - 0 runs, 1 hit, 0 errors, 1 left on base; Wichita 0 - Oklahoma City 0
BOTTOM OF THE 1ST
Oklahoma City 89ers batting - Pitching for Wichita Aeros : RHP Michael Britt
Pitching: RHP Michael Britt
Batting: RHB David Green 0-0: Ball
1-0: Ball
2-0: Ball
3-0: Base on Balls
Batting: RHB John Christensen 0-0: Swinging Strike
0-1: Called Strike
0-2: Ball
1-2: Strikes out swinging
Batting: LHB Tom O'Malley 0-0: Ball
1-0: Fielders Choice at 2nd, 4-6 (Groundball, 4S, EV 85.0 MPH)
Batting: RHB Glenn Braggs 0-0: Swinging Strike
0-1: Ground out 4-3 (Groundball, 4, EV 103.1 MPH)
Bottom of the 1st over - 0 runs, 0 hits, 0 errors, 1 left on base; Wichita 0 - Oklahoma City 0
TOP OF THE 2ND
Wichita Aeros batting - Pitching for Oklahoma City 89ers : RHP Kennedy Corzel
Batting: RHB Dave Hoenstine 0-0: Swinging Strike
0-1: Fly out, F9 (Flyball, 89M, EV 88.8 MPH)
Batting: LHB James Pellack 0-0: Ball
1-0: Called Strike
1-1: Ball
2-1: Foul Ball, location: 2F
2-2: Fly out, F5 (Popup, 5SF, EV 71.9 MPH)
Batting: RHB Gary House 0-0: Called Strike
0-1: Ball
1-1: Fly out, F7 (Flyball, 7, EV 83.8 MPH)
Top of the 2nd over - 0 runs, 0 hits, 0 errors, 0 left on base; Wichita 0 - Oklahoma City 0
BOTTOM OF THE 2ND
Oklahoma City 89ers batting - Pitching for Wichita Aeros : RHP Michael Britt
Batting: RHB Cecil Fielder 0-0: Called Strike
0-1: Foul Ball, location: 2F
0-2: Ball
1-2: Ball
2-2: Ground out U3 (Groundball, 34S, EV 86.3 MPH)
Batting: RHB Nick Esasky 0-0: Called Strike
0-1: Fly out, F8 (Flyball, 8LD, EV 85.0 MPH)
Batting: RHB Joe Redfield 0-0: Ball
1-0: Called Strike
1-1: Reached on error, E5 (Groundball, 56S, EV 80.6 MPH)
Batting: RHB Danny Jasso 0-0: Called Strike
Joe Redfield is caught stealing 2nd base 2-4
Bottom of the 2nd over - 0 runs, 0 hits, 1 error, 0 left on base; Wichita 0 - Oklahoma City 0
TOP OF THE 3RD
Wichita Aeros batting - Pitching for Oklahoma City 89ers : RHP Kennedy Corzel
Batting: LHB Jesus Ramos 0-0: Called Strike
0-1: Fly out, F7 (Flyball, 7LS, EV 84.4 MPH)
Batting: RHB Victor Mabee 0-0: Called Strike
0-1: Swinging Strike
0-2: Fly out, F4 (Flyball, 3D, EV 83.1 MPH)
Batting: LHB Omar Guerrero 0-0: Called Strike
0-1: SINGLE (Line Drive, 7S, EV 104.4 MPH)
Batting: RHB Greg Cypret 0-0: Ball
Omar Guerrero steals 2nd base
1-0: DOUBLE (Flyball, 3D, EV 93.1 MPH)
Omar Guerrero scores
Batting: LHB Glenn Gulliver 0-0: Ball
1-0: Called Strike
1-1: Ball
2-1: Foul Ball, location: 2F
2-2: Foul Ball, location: 2F
2-2: Ball
3-2: Fly out, F7 (Line Drive, 7D, EV 98.1 MPH)
Top of the 3rd over - 1 run, 2 hits, 0 errors, 1 left on base; Wichita 1 - Oklahoma City 0
BOTTOM OF THE 3RD
Oklahoma City 89ers batting - Pitching for Wichita Aeros : RHP Michael Britt
Batting: RHB Danny Jasso 0-0: Called Strike
0-1: Ball
1-1: Swinging Strike
1-2: SINGLE (Line Drive, 34D, EV 94.4 MPH)
Batting: RHB Ron Tingley 0-0: Foul Ball, location: 2F
0-1: Ball
1-1: Ball
2-1: SINGLE (Groundball, 34D, EV 106.3 MPH)
Danny Jasso to second
Runner from 2nd tries for 3rd, OUT! 9-5
Batting: RHB David Green 0-0: Called Strike
0-1: Foul Ball, location: 2F
0-2: Ball
1-2: DOUBLE (Flyball, 8RXD, EV 101.3 MPH)
Ron Tingley to third
Ron Tingley scores
Batting: RHB John Christensen 0-0: Ball
1-0: Ball
2-0: Foul Ball, location: 2F
2-1: Fly out, F7 (Flyball, 7, EV 91.3 MPH)
Batting: LHB Tom O'Malley 0-0: Called Strike
0-1: Ground out 6-3 (Groundball, 6, EV 85.0 MPH)
Bottom of the 3rd over - 1 run, 3 hits, 0 errors, 1 left on base; Wichita 1 - Oklahoma City 1
TOP OF THE 4TH
Wichita Aeros batting - Pitching for Oklahoma City 89ers : RHP Kennedy Corzel
Batting: RHB Bill Schroeder 0-0: Called Strike
0-1: Called Strike
0-2: Ball
1-2: Ball
2-2: Ground out 6-3 (Groundball, 4MS, EV 78.1 MPH)
Batting: RHB Dave Hoenstine 0-0: Called Strike
0-1: Ball
1-1: Ball
2-1: Ball
3-1: Fly out, F8 (Line Drive, 8RM, EV 86.3 MPH)
Batting: LHB James Pellack 0-0: Ball
1-0: Swinging Strike
1-1: Ball
2-1: Ball
3-1: Base on Balls
Batting: RHB Gary House 0-0: Ball
1-0: Foul Ball, location: 2F
1-1: Ball
2-1: Foul Ball, location: 2F
2-2: SINGLE (Flyball, 8LS, EV 99.4 MPH)
James Pellack to second
Batting: LHB Jesus Ramos 0-0: Foul Ball, location: 2F
0-1: Ground out 4-3 (Groundball, 4, EV 100.6 MPH)
Top of the 4th over - 0 runs, 1 hit, 0 errors, 2 left on base; Wichita 1 - Oklahoma City 1
BOTTOM OF THE 4TH
Oklahoma City 89ers batting - Pitching for Wichita Aeros : RHP Michael Britt
Batting: RHB Glenn Braggs 0-0: Foul Ball, location: 2F
0-1: Called Strike
0-2: Fly out, F4 (Popup, 23, EV 81.3 MPH)
Batting: RHB Cecil Fielder 0-0: SOLO HOME RUN (Flyball, 7D, EV 103.1 MPH), Distance : 360 ft
Batting: RHB Nick Esasky 0-0: Foul Ball, location: 2F
0-1: SINGLE (Flyball, 5D, EV 92.5 MPH)
Batting: RHB Joe Redfield 0-0: Ball
1-0: Ground out 6-3 (Groundball, 6S, EV 63.8 MPH)
Nick Esasky to second
Batting: RHB Danny Jasso 0-0: Ball
1-0: Foul Ball, location: 2F
1-1: Foul Ball, location: 2F
1-2: Ball
2-2: Ground out U3 (Groundball, 3, EV 85.6 MPH)
Bottom of the 4th over - 1 run, 2 hits, 0 errors, 1 left on base; Wichita 1 - Oklahoma City 2
TOP OF THE 5TH
Wichita Aeros batting - Pitching for Oklahoma City 89ers : RHP Kennedy Corzel
Batting: RHB Victor Mabee 0-0: Ground out 5-3 (Groundball, 56S, EV 70.0 MPH)
Batting: LHB Omar Guerrero 0-0: Ball
1-0: Called Strike
1-1: Fly out, F8 (Flyball, 8LM, EV 90.0 MPH)
Batting: RHB Greg Cypret 0-0: Called Strike
0-1: Ball
1-1: Swinging Strike
1-2: Strikes out looking
Top of the 5th over - 0 runs, 0 hits, 0 errors, 0 left on base; Wichita 1 - Oklahoma City 2
BOTTOM OF THE 5TH
Oklahoma City 89ers batting - Pitching for Wichita Aeros : RHP Michael Britt
Batting: RHB Ron Tingley 0-0: Foul Ball, location: 2F
0-1: Hit by Pitch
Batting: RHB David Green 0-0: Called Strike
Ron Tingley steals 2nd base
0-1: Foul Ball, location: 2F
0-2: Ball
1-2: Fly out, F9 (Flyball, 9S, EV 90.6 MPH)
Batting: RHB John Christensen 0-0: Ground out 1-3 (Groundball, 15S, EV 68.1 MPH)
Batting: LHB Tom O'Malley 0-0: Foul Ball, location: 2F
0-1: Ball
1-1: Foul Ball, location: 2F
1-2: Foul Ball, location: 2F
1-2: Ground out U3 (Groundball, 34, EV 84.4 MPH)
Bottom of the 5th over - 0 runs, 0 hits, 0 errors, 1 left on base; Wichita 1 - Oklahoma City 2
TOP OF THE 6TH
Wichita Aeros batting - Pitching for Oklahoma City 89ers : RHP Kennedy Corzel
Batting: LHB Glenn Gulliver 0-0: Ball
1-0: Swinging Strike
1-1: Ground out 6-3 (Groundball, 6, EV 87.5 MPH)
Batting: RHB Bill Schroeder 0-0: Fly out, F7 (Flyball, 7LS, EV 91.9 MPH)
Batting: RHB Dave Hoenstine 0-0: Foul Ball, location: 2F
0-1: Ball
1-1: Ball
2-1: Fly out, F8 (Flyball, 8LM, EV 76.9 MPH)
Top of the 6th over - 0 runs, 0 hits, 0 errors, 0 left on base; Wichita 1 - Oklahoma City 2
BOTTOM OF THE 6TH
Oklahoma City 89ers batting - Pitching for Wichita Aeros : RHP Michael Britt
Batting: RHB Glenn Braggs 0-0: Ball
1-0: SINGLE (Line Drive, 8RS, EV 105.0 MPH)
Batting: RHB Cecil Fielder 0-0: Foul Ball, location: 2F
0-1: DOUBLE (Flyball, 78XD, EV 113.1 MPH)
Glenn Braggs to third
Batting: RHB Nick Esasky 0-0: Ball
1-0: Called Strike
1-1: Fly out, F9 (Flyball, 9S, EV 90.0 MPH)
Batting: RHB Joe Redfield 0-0: Intentional Walk
Batting: RHB Danny Jasso 0-0: Grounds into fielders choice 6-2 (Groundball, 6, EV 83.1 MPH)
Cecil Fielder to third
Joe Redfield to second
Batting: RHB Ron Tingley 0-0: Called Strike
0-1: Ball
1-1: Ball
2-1: Fly out, F8 (Flyball, 8LD, EV 88.1 MPH)
Bottom of the 6th over - 0 runs, 2 hits, 0 errors, 3 left on base; Wichita 1 - Oklahoma City 2
TOP OF THE 7TH
Wichita Aeros batting - Pitching for Oklahoma City 89ers : RHP Kennedy Corzel
Batting: LHB James Pellack 0-0: Ball
1-0: Called Strike
1-1: Foul Ball, location: 2F
1-2: Foul Ball, location: 2F
1-2: Ground out U3 (Groundball, 3L, EV 106.3 MPH)
Batting: RHB Gary House 0-0: Ball
1-0: Ball
2-0: Ball
3-0: Foul Ball, location: 2F
3-1: Foul Ball, location: 2F
3-2: Strikes out looking
Batting: LHB Jesus Ramos 0-0: DOUBLE (Line Drive, 7LS, EV 113.1 MPH)
Pinch Hitting: SHB Gary Pettis 0-0: Called Strike
0-1: SINGLE (Line Drive, 7LM, EV 84.4 MPH)
Jesus Ramos to third
Runner from 3rd tries for Home, SAFE, throw by LF to home
Batting: LHB Omar Guerrero 0-0: Ball
1-0: Ground out 4-3 (Groundball, 4, EV 83.8 MPH)
Top of the 7th over - 1 run, 2 hits, 0 errors, 1 left on base; Wichita 2 - Oklahoma City 2
BOTTOM OF THE 7TH
Oklahoma City 89ers batting - Pitching for Wichita Aeros : RHP Michael Britt
Now at SS: Gary Pettis
Batting: RHB David Green 0-0: Foul Ball, location: 2F
0-1: Swinging Strike
0-2: Reached on error, E2 (Groundball, 2L, EV 64.4 MPH)
Batting: RHB John Christensen 0-0: Ground out 5-3 (Groundball, 5S, EV 62.5 MPH)
David Green to third
Batting: LHB Tom O'Malley 0-0: SINGLE (Line Drive, 3, EV 99.4 MPH)
David Green scores
Batting: RHB Glenn Braggs 0-0: Ball
1-0: Fly out, F2 (Popup, 13S, EV 85.0 MPH)
Batting: RHB Cecil Fielder 0-0: Swinging Strike
0-1: 2-RUN HOME RUN (Flyball, 78XD, EV 97.5 MPH), Distance : 443 ft
Batting: RHB Nick Esasky 0-0: Ground out 6-3 (Groundball, 6, EV 81.3 MPH)
Bottom of the 7th over - 3 runs, 2 hits, 1 error, 0 left on base; Wichita 2 - Oklahoma City 5
TOP OF THE 8TH
Wichita Aeros batting - Pitching for Oklahoma City 89ers : RHP Kennedy Corzel
Now at C: Robert Bailey
Batting: RHB Greg Cypret 0-0: Called Strike
0-1: Fly out, F7 (Flyball, 78S, EV 88.1 MPH)
Batting: LHB Glenn Gulliver 0-0: Called Strike
0-1: Ball
1-1: DOUBLE (Line Drive, 7LS, EV 111.9 MPH)
Batting: RHB Bill Schroeder 0-0: Fly out, F6 (Flyball, 5D, EV 86.3 MPH)
Batting: RHB Dave Hoenstine 0-0: Foul Ball, location: 2F
0-1: Ball
1-1: Ball
2-1: Ball
3-1: Foul Ball, location: 2F
3-2: SINGLE (Groundball, 6MD, EV 105.6 MPH)
Glenn Gulliver to third
Glenn Gulliver scores
Batting: LHB James Pellack 0-0: Ball
1-0: Called Strike
1-1: SINGLE (Line Drive, 8RS, EV 100.0 MPH)
Dave Hoenstine to second
Runner from 2nd tries for 3rd, SAFE, throw by CF made to third
Pinch Hitting: LHB Michael Barnes 0-0: Foul Ball, location: 2F
0-1: Ground out 4-3 (Groundball, 4, EV 88.1 MPH)
Top of the 8th over - 1 run, 3 hits, 0 errors, 2 left on base; Wichita 3 - Oklahoma City 5
BOTTOM OF THE 8TH
Oklahoma City 89ers batting - Pitching for Wichita Aeros : RHP Michael Britt
Pitching: RHP Rob Pietroburgo
Now in LF: Jim F Weaver
Batting: RHB Joe Redfield 0-0: Foul Ball, location: 2F
0-1: Ball
1-1: Foul Ball, location: 2F
1-2: Ball
2-2: Ground out 2-3 (Groundball, 15S, EV 68.8 MPH)
Batting: RHB Danny Jasso 0-0: Called Strike
0-1: Ball
1-1: Foul Ball, location: 2F
1-2: Ball
2-2: Ground out 5-3 (Groundball, 5S, EV 72.5 MPH)
Batting: RHB Ron Tingley 0-0: Called Strike
0-1: Ball
1-1: Called Strike
1-2: Ball
2-2: Foul Ball, location: 2F
2-2: DOUBLE (Line Drive, 78D, EV 103.8 MPH)
Batting: RHB David Green 0-0: Swinging Strike
0-1: Swinging Strike
0-2: Ball
1-2: Fly out, F9 (Flyball, 9S, EV 94.4 MPH)
Bottom of the 8th over - 0 runs, 1 hit, 0 errors, 1 left on base; Wichita 3 - Oklahoma City 5
TOP OF THE 9TH
Wichita Aeros batting - Pitching for Oklahoma City 89ers : RHP Kennedy Corzel
Pitching: RHP Ernie Camacho
Batting: LHB Jesus Ramos 0-0: Called Strike
0-1: Ball
1-1: Ball
2-1: Ball
3-1: Base on Balls
Batting: SHB Gary Pettis Pickoff Throw to First - Error! E1
Jesus Ramos to second
0-0: Foul Ball, location: 2F
0-1: Called Strike
0-2: Ball
1-2: Ground out 6-3 (Groundball, 56, EV 81.3 MPH)
Batting: LHB Omar Guerrero 0-0: Called Strike
0-1: Ball
1-1: Fly out, F8 (Flyball, 78D, EV 91.9 MPH)
Batting: RHB Greg Cypret 0-0: Foul Ball, location: 2F
0-1: Ball
1-1: Foul Ball, location: 2F
1-2: Ball
2-2: Foul Ball, location: 2F
2-2: Fly out, F8 (Flyball, 8RM, EV 85.6 MPH)
Top of the 9th over - 0 runs, 0 hits, 1 error, 1 left on base; Wichita 3 - Oklahoma City 5
Wednesday, August 19th, 2020 - OOTP Baseball 21.5 Build 76